 Dungeon Crawl Stone Soup version 0.27.1-33-g824d729ab1 (webtiles) character file.

Game seed: 2014653135863115497

3766 pkoi the Grappler (level 9, -8/67 HPs)
             Began as a Pale Draconian Warper on Dec 5, 2021.
             Mangled by a gnoll sergeant (11 damage)
             ... in a bailey.
             The game lasted 00:18:45 (12026 turns).

pkoi the Grappler (Pale Draconian Warper)          Turns: 12026, Time: 00:18:45

Health: -8/67      AC:  9    Str: 13    XL:     9   Next: 94%
Magic:  15/15      EV: 12    Int: 17    God:
Gold:   284        SH:  0    Dex: 11    Spells: 4/16 levels left

rFire    . . .     SeeInvis .     - Unarmed
rCold    . . .     Faith    .   (no shield)
rNeg     . . .     Spirit   .   (armour unavailable)
rPois    .         Reflect  .   (helmet restricted)
rElec    .         Harm     .   (no cloak)
rCorr    .         Rampage  .   g - +1 pair of gloves
Will     .....                  (no boots)
Stlth    +.........             (no amulet)
HPRegen  0.21/turn              (no ring)
MPRegen  0.14/turn              (no ring)

@: short of breath
A: breathe steam, AC +7, unfitting armour, cold-blooded, steam resistance
a: Breathe Steam


You were in a bailey.
You visited 2 branches of the dungeon, and saw 8 of its levels.
You also visited: Sewer, Ossuary and Bailey.

You collected 296 gold pieces.
You spent 12 gold pieces at shops.

Inventory:

Hand Weapons
 m - a +1 dagger of venom
Missiles
 b - 3 boomerangs of dispersal
 h - 32 poisoned darts (quivered)
 q - 8 boomerangs
 r - 7 throwing nets
Armour
 g - a +1 pair of gloves (worn)
Jewellery
 A - an amulet of faith
Wands
 f - a wand of paralysis (7)
 i - a wand of mindburst (6)
 k - a wand of iceblast (8)
 u - a wand of flame (47)
Scrolls
 a - 2 scrolls of blinking
 p - 2 scrolls of summoning
 t - a scroll of teleportation
 w - 2 scrolls of amnesia
 y - 2 scrolls of enchant weapon
Potions
 c - a potion of attraction
 d - 4 potions of ambrosia {unknown}
 e - 2 potions of cancellation
 j - 7 potions of curing
 l - a potion of flight
 n - 4 potions of mutation {unknown}
 o - a potion of resistance
 s - 2 potions of invisibility
 v - 5 potions of heal wounds
 z - 5 potions of lignification {unknown}
 B - 2 potions of brilliance
 C - a potion of haste


   Skills:
 - Level 2.1 Fighting
 - Level 0.8 Throwing
 - Level 2.1 Dodging
 - Level 9.0 Unarmed Combat
 - Level 4.0 Spellcasting
 - Level 2.6 Conjurations
 - Level 6.0 Translocations
 + Level 7.3 Transmutations
 - Level 2.8 Air Magic
 - Level 4.0 Evocations


You had 4 spell levels left.
You knew the following spells:

 Your Spells              Type           Power      Damage    Failure   Level
a - Blink                 Tloc           N/A        N/A       1%          2
b - Gell's Gravitas       Tloc           12%        N/A       4%          3
c - Static Discharge      Conj/Air       12%        N/A       8%          2
d - Blade Hands           Tmut           14%        N/A       22%         5

Your spell library contained the following spells:

 Spells                   Type           Power      Damage    Failure   Level
 Lesser Beckoning         Tloc           12%        N/A       4%          3
 Teleport Other           Tloc           24%        N/A       4%          3
 Portal Projectile        Hex/Tloc       26%        N/A       14%         3
 Sticky Flame             Conj/Fire      7%         2d3       67%         4
 Dispel Undead            Necr           3%         3d7       83%         4
 Manifold Assault         Tloc           24%        N/A       36%         5
 Excruciating Wounds      Necr           1%         N/A       99%         5
 Conjure Ball Lightning   Conj/Air       6%         3x3d6     100%        6
 Discord                  Hex            1%         N/A       100%        8
 Disjunction              Tloc           12%        N/A       100%        8


Dungeon Overview and Level Annotations

Branches:
Dungeon (7/15)             Temple (1/1) D:4           Sewer (visited)
Ossuary (visited)          Bailey (1/1)

Altars:
Ashenzari
Fedhas
Hepliaklqana
Kikubaaqudgha
Makhleb
Okawaru
Qazlal
Ru
Trog
Uskayaw
Wu Jian
Xom
Zin
The Shining One

Shops:
D:5 :   D:6 !


Innate Abilities, Weirdness & Mutations

You can breathe blasts of scalding, opaque steam.
Your pale cyan-grey scales are hard. (AC +7)
You cannot fit into any form of body armour.
You are cold-blooded and may be slowed by cold attacks.
You are immune to the effects of steam.


Message History

The gnoll shaman is engulfed in a cloud of scalding steam.
The gnoll shaman barely misses you.
The gnoll shaman calls upon its god to heal the gnoll shaman.
The gnoll shaman is healed somewhat.
You punch the gnoll shaman!
The gnoll shaman is almost dead.
The gnoll shaman is engulfed in a cloud of scalding steam.
You kill the gnoll shaman!
There is an empty arch of ancient stone, spattered with blood here.
Items here: $ ))))) ? [[[[[ †.
Items here: )))))))) [[[[[[[[ ††.
There is a gate leading back out of this place, spattered with blood here.
You have got your breath back.
A gnoll sergeant comes into view. It is wielding a +0 glaive.
Press: ? - help, Shift-Dir - straight line, f - gnoll shaman
Aim: a gnoll shaman, wielding a +0 trident and wearing a +0 ring mail You exhale a blast of scalding steam.
The ball of steam hits the gnoll shaman.
The gnoll shaman is lightly wounded.
The gnoll shaman calls upon its god to speed up something.
Unknown command.
The gnoll shaman is engulfed in a cloud of scalding steam.
The gnoll shaman hits you with a +0 trident!
* * * LOW HITPOINT WARNING * * *
You punch the gnoll shaman!
The gnoll shaman is almost dead.
The gnoll sergeant hits you from afar with a +0 glaive.
* * * LOW HITPOINT WARNING * * *
The gnoll shaman is engulfed in a cloud of scalding steam.
You kill the gnoll shaman!
The gnoll sergeant barely misses you.
Items here: ))))))))) [[[[[[[[[ ÷ †.
You hit the gnoll sergeant.
The gnoll sergeant is lightly wounded.
The gnoll sergeant hits you with a +0 glaive!
* * * LOW HITPOINT WARNING * * *
You hit the gnoll sergeant.
The gnoll sergeant is lightly wounded.
The gnoll sergeant hits you with a +0 glaive!
You die...

### ♣∩♣ ♣.♣ ♣♣@♣♣
♣♣♣♣.)g♣♣
♣♣....§..♣♣♣♣
♣♣♣....§).....♣♣♣
♣♣.....§..§......♣♣
♣♣≈≈≈≈≈≈≈.§.≈≈≈≈≈≈≈♣♣
♣≈≈...............≈≈♣
♣≈.................≈♣
♣≈.######')'######.≈♣


You could see a gnoll sergeant (fast).

Vanquished Creatures
  Grinder (D:6)
  Prince Ribbit (D:6)
  Eustachio (D:6)
  Menkaure (D:6)
  Duvessa (D:6)
  An ice beast (D:5)
  A sky beast (D:6)
  Purgy (Sewer)
  2 black bears
  An ogre (D:5)
  2 phantoms
  12 scorpions
  4 gnoll sergeants (Bailey)
  A water moccasin skeleton (D:4)
  Dowan (D:6)
  A centaur zombie (Ossuary)
  A centaur skeleton (D:6)
  3 human zombies (Ossuary)
  3 jellies
  5 gnoll shamans
  2 orc priests (D:7)
  A bullfrog skeleton (D:4)
  4 hounds
  2 iguanas (D:6)
  4 orc wizards
  4 scorpion zombies (Ossuary)
  A hound zombie (D:5)
  2 hound skeletons (D:4)
  3 mummies (Ossuary)
  A howler monkey zombie (D:5)
  14 gnolls
  8 adders
  A shadow imp (D:6)
  2 worms (D:2)
  2 dart slugs
  14 orcs
  6 bats
  11 endoplasms
  A giant cockroach (D:1)
  2 gnoll zombies (Ossuary)
  11 goblins
  10 hobgoblins
  6 jackals
  6 quokkas
  4 ball pythons
  6 frilled lizards
  2 goblin zombies (Ossuary)
  2 hobgoblin zombies (Ossuary)
  13 kobolds
  2 kobold zombies (Ossuary)
  An orc zombie (Ossuary)
  9 rats
201 creatures vanquished.

Vanquished Creatures (others)
  4 fungi (D:5)
  44 plants (D:4)
48 creatures vanquished.

Grand Total: 249 creatures vanquished

Notes
Turn   | Place    | Note
-------+----------+-------------------------------------------
     0 | D:1      | pkoi the Draconian Warper began the quest for the Orb.
     0 | D:1      | Reached XP level 1. HP: 17/17 MP: 3/3
    17 | D:1      | Reached XP level 2. HP: 8/24 MP: 5/5
   243 | D:1      | Reached skill level 3 in Unarmed Combat
   284 | D:1      | HP: 1/24 [hobgoblin (3)]
   733 | D:1      | Reached XP level 3. HP: 22/29 MP: 6/6
  1404 | D:2      | Reached skill level 4 in Unarmed Combat
  1784 | D:2      | Reached XP level 4. HP: 36/36 MP: 7/7
  2091 | D:2      | Found a stormy altar of Qazlal.
  3223 | D:3      | Reached skill level 1 in Evocations
  3439 | D:3      | Found an ancient bone altar of Kikubaaqudgha.
  3513 | D:3      | Reached XP level 5. HP: 31/41 MP: 8/8
  3706 | D:3      | Learned a level 2 spell: Blink
  3710 | D:3      | Learned a level 3 spell: Gell's Gravitas
  4087 | D:4      | Noticed a phantom
  4162 | D:3      | Killed a phantom
  4461 | D:4      | Reached skill level 5 in Unarmed Combat
  4475 | D:4      | Reached XP level 6. HP: 42/48 MP: 9/9
  5560 | D:4      | Your scales start taking on a pale cyan-grey colour.
  5560 | D:4      | Reached XP level 7. HP: 7/55 MP: 10/10
  5560 | D:4      | Gained mutation: You are immune to the effects of steam.
                  | [Pale Draconian growth]
  5938 | D:4      | Found a staircase to the Ecumenical Temple.
  6204 | Temple   | Entered the Ecumenical Temple
  6476 | D:4      | Found a glowing golden altar of the Shining One.
  6722 | D:5      | Entered Level 5 of the Dungeon
  6761 | D:5      | Found a bloodstained altar of Trog.
  6773 | D:5      | Found a glowing drain.
  6786 | Sewer    | Entered a sewer
  6854 | Sewer    | Noticed Purgy
  6890 | Sewer    | Killed Purgy
  6891 | Sewer    | Reached skill level 6 in Unarmed Combat
  6891 | Sewer    | Reached skill level 5 in Translocations
  7254 | Sewer    | Learned a level 2 spell: Static Discharge
  7635 | D:5      | Reached skill level 1 in Conjurations
  7635 | D:5      | Reached skill level 1 in Air Magic
  7816 | D:5      | Reached XP level 8. HP: 61/61 MP: 11/11
  8172 | D:5      | Found Cetoudo's Book Shop.
  8658 | D:6      | Found a sand-covered staircase.
  8667 | Ossuary  | Entered an ossuary
  9010 | Ossuary  | Learned a level 5 spell: Blade Hands
  9035 | Ossuary  | Reached skill level 7 in Unarmed Combat
  9049 | Ossuary  | Reached skill level 1 in Transmutations
  9474 | Ossuary  | Reached XP level 9. HP: 51/67 MP: 13/13
  9618 | Ossuary  | Reached skill level 8 in Unarmed Combat
  9772 | D:6      | Noticed Menkaure
  9778 | D:6      | Killed Menkaure
 10076 | D:6      | Found Xohuc's Distillery.
 10081 | D:6      | Bought a potion of degeneration for 12 gold pieces
 10111 | D:6      | Noticed Eustachio
 10127 | D:6      | Killed Eustachio
 10143 | D:6      | Noticed Prince Ribbit
 10164 | D:6      | Killed Prince Ribbit
 10271 | D:6      | Found a stormy altar of Qazlal.
 10282 | D:6      | Noticed Dowan
 10283 | D:6      | Noticed Grinder
 10347 | D:6      | Killed Grinder
 10348 | D:6      | Reached skill level 5 in Transmutations
 10361 | D:6      | Killed Dowan
 10718 | D:6      | Noticed Duvessa
 10746 | D:6      | Killed Duvessa
 10747 | D:6      | Reached skill level 9 in Unarmed Combat
 10978 | D:7      | Found an iron altar of Okawaru.
 10990 | D:7      | Found a flagged portal.
 11086 | Bailey   | Entered a bailey
 12025 | Bailey   | HP: 3/67 [gnoll sergeant (16)]
 12026 | Bailey   | Mangled by a gnoll sergeant

Illustrated notes

Levels and vault maps discovered:
D:1:      minmay_arrival_plants_in_alcoves, layout_rooms
D:2:      layout_basic, basic_altar
D:3:      layout_loops_ring, lemuel_round_altar
D:4:      layout_cave_pods, mainiacjoe_overflow_surrounded_room,
          temple_fountains, serial_bayou_lagoon_a, grunt_ministairs_13
D:5:      layout_loops_corners, mainiacjoe_overflow_boulevard, serial_shops,
          nicolae_shop_waterfront, portal_sewer_entry_b
D:6:      layout_loops_corners, nicolae_qazlal_general_emergency,
          lightli_ossuary_entry_decrepit_ruins, serial_shops, kennysheep_mini,
          uniq_duvessa, uniq_prince_ribbit1, uniq_eustachio, uniq_grinder,
          uniq_menkaure
D:7:      layout_rooms, okawaru_gym_becter, lemuel_tele_altar, enter_bailey_8
Temple:   jpeg_temple_island
Bailey:   bailey_polearm_gnolls_kennysheep, bailey

Skill      XL: |  1  2  3  4  5  6  7  8  9 |
---------------+----------------------------+-----
Unarmed Combat | 3 4 5 6 7 9 |  9.0
Evocations     | 1 2 3 4 |  4.0
Translocations | 4 5 6 |  6.0
Conjurations   | 1 2 |  2.6
Air Magic      | 1 2 |  2.8
Spellcasting   | 3 4 |  4.0
Transmutations | 3 7 |  7.3
Fighting       | |  2.1
Throwing       | |  0.8
Dodging        | |  2.1

Action                   |  1- 3 |  4- 6 |  7- 9 || total
-------------------------+-------+-------+-------++-------
Melee: Unarmed           |   142 |   138 |   420 ||   700
       Tailslap          |     6 |    35 |    56 ||    97
       Punch             |     1 |     6 |    13 ||    20
       Dagger            |       |   114 |    15 ||   129
Throw: Boomerang         |     2 |       |       ||     2
       Dart              |    10 |       |       ||    10
 Cast: Blade Hands       |       |       |     1 ||     1
 Abil: Breathe Steam     |       |       |    30 ||    30
Evoke: Wand              |       |     2 |     7 ||     9
  Use: Scroll            |       |     7 |     8 ||    15
 Stab: Sleeping          |       |     1 |     1 ||     2
Armor: Skin              |    51 |    90 |   176 ||   317
Dodge: Dodged            |    83 |   149 |   260 ||   492
